Map: Port Aleksander LE

Players

llllllllllll

  • Race: Protoss Protoss
  • Spawn Location: 5:00

Lambo - Winner!

  • Race: Zerg Zerg
  • League: Master
  • Spawn Location: 11:00

VOD

Have the link to the VOD?

Description

Time

  • Played on: Dec. 6, 2018, 10:55 a.m.
  • Length: 14:39
Show
View Real Time Build Order
Export as new Build Order

llllllllllll Protoss 

Build Orders: 1 Gate Expand, Oracle Opening, Phoenix Opening, Archon Immortal 

Get SALT Encoding   

  12  0:00  Probe  
  13  0:13  Probe  
  14  0:20  Pylon  
  14  0:25  Probe  
  15  0:34  Probe  
  15  0:39  Gateway  
  15  0:42  Probe  
  16  0:48  Assimilator  
  17  0:52  Probe  
  18  1:04  Probe  
  19  1:16  Probe  
  20  1:25  Nexus  
  20  1:36  Cybernetics Core  
  20  1:39  Probe  
  21  1:45  Assimilator  
  21  1:51  Probe  
  22  1:55  Pylon  
  22  2:03  Probe  
  22  2:04  Adept  
  25  2:16  Probe  
  25  2:19  Stargate  
  26  2:28  Probe, Warp Gate  
  27  2:31  Adept  
  27  2:34  Probe  
  29  2:40  Probe  
  29  2:42  Probe  
  32  2:52  Probe x2  
  32  2:56  Phoenix  
  34  3:04  Probe x2  
  37  3:16  Probe x2  
  37  3:17  Pylon  
  39  3:25  Oracle  
  39  3:28  Probe x2  
  41  3:40  Probe x2  
  46  3:41  Gateway  
  46  3:44  Gateway  
  46  3:49  Adept  
  46  3:52  Probe x2  
  50  3:56  Assimilator  
  50  3:58  Assimilator  
  50  3:59  Pylon  
  50  4:04  Probe x2  
  52  4:17  Probe x2  
  54  4:27  Nexus  
  54  4:29  Probe, Pylon  
  55  4:32  Adept  
  55  4:36  Adept  
  59  4:42  Adept  
  59  4:43  Probe  
  62  4:47  Probe  
  62  4:51  Pylon  
  63  4:54  Robotics Facility  
  63  4:57  Robotics Facility  
  63  4:59  Probe  
  64  5:05  Adept  
  66  5:13  Probe  
  67  5:14  Probe  
  68  5:25  Probe  
  68  5:27  Probe  
  62  5:36  Sentry  
  62  5:37  Immortal, Probe, Zealot, Sentry  
  62  5:38  Probe  
  62  5:41  Probe, Observer  
  71  5:45  Probe  
  71  5:46  Probe  
  71  5:47  Forge  
  71  5:49  Probe  
  77  5:53  Probe  
  77  5:55  Probe  
  79  5:59  Gateway, Probe  
  79  6:00  Immortal  
  79  6:01  Gateway  
  79  6:02  Gateway  
  82  6:05  Twilight Council  
  82  6:08  Protoss Ground Weapons Level 1  
  86  6:11  Probe x2  
  86  6:17  Probe  
  89  6:23  Probe  
  89  6:24  Assimilator, Probe  
  91  6:25  Assimilator  
  91  6:29  Pylon  
  91  6:31  Probe  
  92  6:38  Gateway x2  
  92  6:40  Pylon  
  96  6:47  Immortal  
  96  6:51  Immortal  
  100  6:56  Photon Cannon  
  100  6:57  Pylon  
  100  6:58  Charge  
  100  7:00  Probe, Pylon  
  101  7:09  Templar Archives  
  101  7:12  Probe x2  
  103  7:21  Nexus  
  103  7:22  Pylon  
  103  7:26  Immortal  
  103  7:29  Zealot  
  109  7:31  Immortal  
  113  7:45  Photon Cannon, Pylon  
  113  7:47  Photon Cannon, Pylon  
  113  7:50  High Templar x2  
  113  7:51  High Templar x2  
  119  7:56  Archon  
  119  7:58  Archon  
  121  7:59  Pylon  
  121  8:02  High Templar x2, Pylon  
  129  8:05  Immortal, Photon Cannon  
  129  8:08  Protoss Ground Weapons Level 2, Shield Battery  
  129  8:09  Warp Prism  
  129  8:11  Psionic Storm  
  131  8:16  Shield Battery  
  131  8:17  Shield Battery  
  131  8:26  Shield Battery  
  131  8:29  High Templar x2  
  135  8:34  Zealot x3  
  135  8:40  Immortal, Archon x2  
  141  8:45  Immortal  
  145  8:57  Zealot x5  
  155  9:07  Stalker x3  
  164  9:38  Observer  
  164  9:45  Observer  
  148  9:52  High Templar x2  
  141  9:58  Probe x2, Observer  
  140  10:05  High Templar x4  
  140  10:06  Observer  
  149  10:09  Probe  
  149  10:10  Probe  
  149  10:12  Pylon  
  149  10:13  Probe  
  149  10:14  Pylon  
  146  10:20  Protoss Ground Weapons Level 3  
  146  10:21  Probe  
  144  10:22  Probe  
  144  10:25  Probe  
  144  10:27  Observer  
  145  10:33  Probe  
  145  10:35  Immortal  
  148  10:39  Gateway  
  148  10:41  Probe, Pylon  
  148  10:42  Probe  
  150  10:45  Probe  
  150  10:48  Zealot x7  
  163  10:52  Immortal  
  163  10:56  Pylon  
  165  10:58  Pylon  
  159  11:09  Zealot x2  
  159  11:10  Archon, Zealot x4  
  147  11:23  Observer  
  142  11:26  Probe x2  
  142  11:27  Probe  
  142  11:31  Observer  
  142  11:32  Fleet Beacon  
  146  11:34  Stargate  
  146  11:38  Nexus  
  146  11:45  Immortal  
  130  11:54  Immortal  
  130  11:59  Zealot x3  
  139  12:02  High Templar  
  139  12:06  High Templar x2  
  145  12:14  Immortal  
  135  12:23  High Templar x2  
  141  12:33  Zealot x2  
  141  12:34  Immortal  
  141  12:35  Mothership  
  147  12:53  Immortal  
  151  13:03  Zealot x3  
  151  13:04  Zealot x4  
  144  13:29  Archon  
  144  13:33  Zealot x3  
  144  13:34  Zealot x4  
  142  13:37  Immortal  
  142  13:40  Immortal  
  134  13:56  High Templar x4  
  142  14:05  Zealot x3  
  142  14:07  Archon  
  147  14:14  Nexus  
  147  14:17  Pylon  
  147  14:28  Zealot  
Show
View Real Time Build Order
Export as new Build Order

Lambo Zerg - Winner!

Build Orders: Hatch First, Lurkers, Roach Hydra 

Get SALT Encoding   

  12  0:00  Drone  
  13  0:14  Overlord  
  13  0:18  Drone  
  14  0:34  Drone x2  
  16  0:48  Hatchery  
  15  0:52  Drone  
  15  0:57  Drone  
  17  1:00  Drone  
  18  1:11  Extractor  
  17  1:15  Spawning Pool  
  16  1:18  Drone  
  16  1:23  Drone  
  18  1:31  Drone  
  19  1:42  Drone  
  20  1:52  Overlord  
  20  2:02  Queen x2, Zergling x2  
  20  2:04  Zergling x2  
  26  2:11  Drone  
  26  2:13  Drone  
  28  2:22  Drone  
  29  2:25  Drone  
  30  2:31  Metabolic Boost  
  30  2:39  Hatchery  
  30  2:42  Drone  
  30  2:46  Drone  
  30  2:47  Drone  
  32  2:51  Overlord  
  32  2:58  Queen  
  32  3:01  Drone  
  35  3:07  Drone  
  35  3:10  Drone x3  
  35  3:12  Drone  
  40  3:14  Drone  
  40  3:18  Overlord  
  40  3:21  Drone  
  42  3:27  Drone x2  
  42  3:31  Overlord  
  44  3:34  Drone  
  44  3:36  Queen  
  46  3:42  Zergling x2  
  46  3:45  Drone x4  
  46  3:48  Spore Crawler  
  50  3:52  Overlord  
  50  3:53  Zergling x2  
  51  3:59  Spore Crawler, Zergling x2  
  51  4:02  Overlord  
  51  4:07  Drone  
  51  4:09  Zergling x4  
  55  4:10  Drone x2  
  55  4:15  Overlord  
  55  4:16  Drone  
  57  4:17  Zergling x4  
  57  4:18  Drone  
  57  4:21  Spore Crawler  
  58  4:25  Queen  
  58  4:26  Drone  
  58  4:28  Drone  
  62  4:34  Roach Warren  
  62  4:35  Drone x2  
  63  4:38  Drone  
  63  4:39  Drone  
  63  4:44  Lair, Drone  
  66  4:47  Drone x2  
  66  4:48  Drone  
  66  4:51  Drone x2  
  66  4:52  Drone  
  72  4:54  Overlord  
  72  4:59  Overlord  
  72  5:01  Extractor, Zergling x4  
  72  5:02  Extractor  
  72  5:04  Zergling x6  
  75  5:08  Zergling x4  
  75  5:15  Drone x2  
  75  5:19  Drone x2  
  77  5:24  Drone x6  
  78  5:35  Drone x2  
  74  5:44  Drone  
  74  5:45  Drone x2  
  74  5:46  Drone x2  
  74  5:47  Evolution Chamber  
  74  5:49  Hydralisk Den, Extractor  
  76  5:50  Drone, Extractor  
  76  5:52  Overlord  
  76  5:54  Drone  
  77  5:57  Glial Reconstitution  
  77  5:59  Drone  
  77  6:00  Overseer  
  77  6:01  Pneumatized Carapace, Hatchery  
  77  6:04  Extractor  
  76  6:10  Drone x4  
  79  6:12  Drone x2  
  81  6:19  Zerg Missile Weapons Level 1  
  81  6:29  Grooved Spines  
  81  6:32  Lurker Den  
  80  6:35  Roach x2, Zergling x14  
  91  6:42  Overlord  
  91  6:47  Drone x4  
  95  6:51  Drone x3  
  95  6:52  Drone  
  99  6:56  Hydralisk  
  99  6:59  Hydralisk  
  99  7:00  Hydralisk x3  
  108  7:03  Extractor  
  108  7:06  Roach  
  108  7:07  Extractor  
  108  7:09  Hydralisk x2  
  112  7:15  Drone x2  
  112  7:16  Drone x4  
  112  7:19  Overlord  
  112  7:22  Overlord x2  
  118  7:24  Overlord  
  118  7:25  Overlord  
  118  7:29  Overlord  
  118  7:30  Overlord  
  118  7:32  Overlord  
  118  7:33  Overlord  
  118  7:40  Overlord  
  118  7:44  Hydralisk x3  
  118  7:45  Roach x6  
  118  7:46  Roach  
  118  7:49  Muscular Augments  
  138  7:52  Hydralisk x3  
  138  7:53  Roach x2  
  148  8:02  Roach x2, Zergling x8  
  156  8:06  Lurker, Hydralisk x3  
  156  8:12  Hydralisk x3  
  167  8:17  Zerg Missile Weapons Level 2  
  167  8:18  Infestation Pit  
  168  8:22  Lurker x2  
  168  8:25  Lurker  
  168  8:26  Lurker  
  172  8:28  Overlord  
  172  8:29  Roach x3  
  172  8:32  Overseer  
  178  8:37  Hydralisk x2  
  178  8:38  Roach x2  
  186  8:47  Hydralisk x3  
  186  8:48  Hydralisk  
  193  8:53  Hydralisk x3  
  198  9:10  Overlord  
  198  9:15  Overlord  
  196  9:29  Hydralisk x7  
  198  9:34  Overlord  
  198  9:37  Hive  
  198  9:38  Spire  
  175  9:59  Hydralisk x13  
  198  10:03  Lurker  
  199  10:13  Hatchery  
  198  10:14  Hydralisk x2  
  193  10:27  Hydralisk x5  
  196  10:35  Lurker x2  
  196  10:36  Lurker x2  
  200  10:47  Zerg Ground Armor Level 1  
  196  11:07  Hydralisk x11  
  196  11:10  Hydralisk  
  196  11:11  Zergling x38  
  195  11:15  Zergling x2  
  195  11:17  Greater Spire  
  192  11:20  Hydralisk x2  
  192  11:27  Adaptive Talons  
  192  11:31  Extractor  
  192  11:32  Extractor  
  190  11:33  Zergling x14  
  195  11:45  Hydralisk x7  
  197  12:07  Evolution Chamber  
  196  12:09  Overseer  
  196  12:15  Overlord  
  185  12:39  Zerg Flyer Weapons Level 1  
  185  12:41  Zerg Melee Weapons Level 1  
  185  12:44  Corruptor x7  
  199  12:52  Queen  
  198  13:11  Hatchery  
  187  13:20  Hydralisk x8  
  177  13:33  Brood Lord x7  
  177  13:36  Zergling x24  
  177  13:37  Zergling x22  
  179  14:12  Drone x2  
  179  14:13  Drone x5  
Tags
 
Add a new tag
Caveats
  • Supply blocks, unpowered buildings, or Contaminate may cause inaccurate times.
  • Supply counts are checked every 10 seconds.